AoeStats
← Beto41354

Golden Pit

510271540Analyzed
1v1 RM · 1d ago on Sep 30, 2026· 82m 58s· 2 players
Game mode
Random Map
Map size
Tiny (2 player)
Population
200
Speed
Normal
Resources
Standard
Victory
Conquest
Starting age
Dark Age
Ending age
Imperial Age
RankedLock teamsTeams togetherTeam positionsShared explorationLock speedFull tech treeHidden civsTurbo modeCheats
Victory
Defeat
🇦🇷 Turks · Argentina
646
+14
🇨🇳 Romans · China
605
-14
神奇宝宝
11:28 Feudal Age
12:27 Double-Bit Axe
14:46 Man-at-Arms
21:57 Wheelbarrow
23:54 Gold Mining
27:45 Castle Age
26:41 Stone Mining
27:48 Pikeman
32:25 Squires
33:17 Bloodlines
34:45 Crossbowman
38:19 Husbandry
41:25 Hand Cart
41:37 Ballistics
44:09 Imperial Age
44:39 Padded Archer Armor
45:28 Conscription
44:46 Elite Skirmisher
47:30 Chemistry
66:31 Heavy Scorpion
Beto41354
8:26 Loom
11:15 Feudal Age
11:44 Double-Bit Axe
11:37 Man-at-Arms
13:42 Arson
19:16 Horse Collar
21:26 Bloodlines
24:35 Castle Age
23:30 Stone Mining
23:34 Gold Mining
23:55 Scale Barding Armor
24:04 Forging
25:59 Chain Barding Armor
28:12 Bow Saw
28:04 Heavy Plow
29:46 Iron Casting
38:33 Wheelbarrow
40:01 Fletching
40:13 Padded Archer Armor
47:28 Imperial Age
46:01 Sipahi
45:57 Masonry
45:28 Treadmill Crane
45:45 Murder Holes
46:13 Ballistics
45:44 Guard Tower
46:29 Leather Archer Armor
46:30 Bodkin Arrow
55:21 Hoardings
56:53 Hand Cart
57:26 Conscription
57:20 Thumb Ring
59:00 Blast Furnace
58:14 Elite Janissary
63:35 Ring Archer Armor
63:41 Plate Barding Armor
63:39 Crossbowman
67:05 Two-Man Saw
67:26 Keep
67:13 Bombard Tower
66:39 Arrowslits
67:25 Architecture
66:52 Heated Shot
70:42 Bracer
70:43 Scale Mail Armor
70:57 Fortified Wall
76:13 Gold Shaft Mining
77:58 Chain Mail Armor
Connection lost

Rejoining the realm…

Still unreachable

The connection could not be restored.

Session expired

The server has moved on; the page needs a fresh start.